 Dungeon Crawl Stone Soup version 0.30-a0-782-ge64f9170bb (webtiles) character file.

Game seed: 629614976122780806

56510 Dirtsage the Severer (level 14, -12/108 HPs)
             Began as a Demonspawn Fighter on Mar 14, 2023.
             Was a High Priest of Makhleb.
             Shot with an arrow by Nessos (21 damage)
             ... on level 12 of the Dungeon.
             The game lasted 00:45:48 (16293 turns).

Dirtsage the Severer (Demonspawn Fighter)          Turns: 16293, Time: 00:45:49

Health: -12/108    AC: 20    Str: 22    XL:     14   Next: 42%
Magic:  24/24      EV: 15    Int: 13    God:    Makhleb [*****.]
Gold:   889        SH:  0    Dex: 16    Spells: 13/13 levels left

rFire   + . .      SeeInvis .    L - +4 battleaxe (freeze)
rCold   + . .      Faith    .    (shield currently unavailable)
rNeg    . . .      Spirit   .    f - +0 plate armour of Filuuff {rF+ rC+ Int+3}
rPois   .          Reflect  .    s - +2 helmet
rElec   .          Harm     .    r - +2 cloak
rCorr   .          Rampage  .    (gloves unavailable)
Will    ++...                    (no boots) Stlth
                                 (no amulet)
HPRegen 0.38/turn                z - +5 ring of evasion
MPRegen 0.19/turn                X - ring of willpower

@: lethally poisoned (-12 -> -36)
A: thin skeletal structure 2, demonic guardian 2, powered by death 2, demonic
touch 3
a: Renounce Religion, Minor Destruction, Lesser Servant of Makhleb, Major
Destruction, Greater Servant of Makhleb


You were on level 12 of the Dungeon.
You worshipped Makhleb.
Makhleb was extremely pleased with you.
You visited 3 branches of the dungeon, and saw 18 of its levels.
You also visited: Ossuary.

You collected 1357 gold pieces.
You spent 468 gold pieces at shops.

Inventory:

Hand Weapons
 a - a +0 war axe
 w - a +2 flail of draining
 L - a +4 battleaxe of freezing (weapon)
Missiles
 U - 4 curare-tipped darts (quivered)
 Z - a throwing net
Armour
 c - a +0 buckler
 f - the +0 plate armour of Filuuff (worn) {rF+ rC+ Int+3}
   (You found it on level 10 of the Dungeon)

   Int:       It affects your intelligence (+3).
   rF:        It protects you from fire.
   rC:        It protects you from cold.
 r - a +2 cloak (worn)
 s - a +2 helmet (worn)
Jewellery
 z - a +5 ring of evasion (left hand)
 A - an amulet of magic regeneration
 G - a ring of ice
 H - a ring of flight
 N - a ring of positive energy
 O - a +6 ring of strength
 P - a ring of poison resistance
 S - a ring of see invisible
 X - a ring of willpower (right hand)
Wands
 m - a wand of roots (18)
 x - a wand of light (3)
 I - a wand of mindburst (10)
 J - a wand of flame (11)
Scrolls
 b - 2 scrolls of immolation
 e - 3 scrolls of enchant weapon
 g - a scroll of fear
 j - a scroll of fog
 k - a scroll of brand weapon
 p - 4 scrolls of silence
 t - 7 scrolls of teleportation
 u - a scroll of summoning
 y - 3 scrolls of amnesia
 B - 3 scrolls of blinking
 C - 4 scrolls of enchant armour
 M - 3 scrolls of poison
 W - 3 scrolls of torment
 Y - 2 scrolls of magic mapping
Potions
 d - 2 potions of might
 h - 4 potions of haste
 l - 6 potions of heal wounds
 n - a potion of resistance
 o - 5 potions of mutation
 q - 4 potions of curing
 v - 5 potions of brilliance {unknown}
 D - 2 potions of attraction {unknown}
 E - a potion of flight {unknown}
 F - 4 potions of invisibility {unknown}
 K - 3 potions of cancellation {unknown}
 Q - 2 potions of lignification {unknown}
 R - 4 potions of magic {unknown}
 T - a potion of berserk rage
 V - 9 potions of ambrosia
Miscellaneous
 i - a condenser vane


   Skills:
 + Level 9.1 Fighting
 + Level 16.5 Axes
 + Level 8.2 Armour
 + Level 7.7 Dodging
 - Level 2.6 Shields
 + Level 14.5 Invocations


You had 13 spell levels left.
You didn't know any spells.
Your spell library contained the following spells:

 Spells                   Type           Power      Damage    Failure   Level
 Magic Dart               Conj           0%         1d3       99%         1
 Shock                    Conj/Air       0%         1d3       99%         1
 Slow                     Hex            0%         N/A       99%         1
 Searing Ray              Conj           0%         2d4       100%        2
 Confusing Touch          Hex            0%         N/A       100%        3
 Ignite Poison            Fire/Tmut/Pois 0%         N/A       100%        3
 Portal Projectile        Hex/Tloc       0%         N/A       100%        3
 Swiftness                Air            0%         N/A       100%        3
 Tukima's Dance           Hex            0%         N/A       100%        3
 Vampiric Draining        Necr           0%         2d6       100%        3
 Airstrike                Air            0%         2d(0-16)  100%        4
 Cause Fear               Hex            0%         N/A       100%        4
 Fulminant Prism          Conj/Hex       0%         3d5       100%        4
 Manifold Assault         Tloc           0%         N/A       100%        4
 Petrify                  Tmut/Erth      0%         N/A       100%        4
 Sticky Flame             Conj/Fire      0%         2d3       100%        4
 Blade Hands              Tmut           0%         N/A       100%        5
 Metabolic Englaciation   Hex/Ice        0%         N/A       100%        5
 Silence                  Hex/Air        0%         N/A       100%        5
 Conjure Ball Lightning   Conj/Air       0%         3x3d6     100%        6
 Dispersal                Tloc           0%         N/A       100%        6
 Starburst                Conj/Fire      0%         6d3       100%        6
 Statue Form              Tmut/Erth      0%         N/A       100%        6
 Dragon Form              Tmut           0%         N/A       100%        7
 Storm Form               Tmut/Air       0%         N/A       100%        7
 Discord                  Hex            0%         N/A       100%        8
 Disjunction              Tloc           0%         N/A       100%        8
 Ignition                 Fire           0%         3d3       100%        8
 Dragon's Call            Summ           0%         N/A       100%        9


Dungeon Overview and Level Annotations

Branches:
Dungeon (12/15)            Temple (1/1) D:6            Lair (5/5) D:10
 Shoals (0/4) Lair:2        Snake (0/4) Lair:3        Slime (0/5) Lair:5
Ossuary (visited)
    Orc: D:9-12

Altars:
Ashenzari
Cheibriados
Dithmenos
Fedhas
Gozag
Hepliaklqana
Kikubaaqudgha
Makhleb
Nemelex Xobeh
Okawaru
Qazlal
Ru
Sif Muna
Trog
Uskayaw
Vehumet
Wu Jian
Xom
Yredelemnul
Jiyva

Shops:
D:1 [   D:12 :

Annotations:
D:12 Nessos
Lair:1 exclusion: oklob plant
Lair:5 1 runed translucent door


Innate Abilities, Weirdness & Mutations

You have a moderately thin skeletal structure. (Dex +4, Stealth++)
A demonic guardian rushes to your aid.
You regenerate health from kills.
Your touch may irresistibly damage your foes and sap their willpower.


Message History

Nessos shoots an arrow.
The arrow hits you!
* * * LOW HITPOINT WARNING * * *
The arrow burns you.
You are more poisoned.
* * * LOW HITPOINT WARNING * * *
A demonic guardian appears!
You take 23 damage, and have 24/108 hp.
MASSIVE DAMAGE!!
* * * LOW HITPOINT WARNING * * *
You feel extremely sick.
Nessos shoots an arrow.
The arrow hits you.
* * * LOW HITPOINT WARNING * * *
Nessos casts a spell.
Nessos blinks!
You take 15 damage, and have 9/108 hp.
You feel better.
Nessos shoots an arrow.
The arrow closely misses you.
Nessos shoots an arrow.
The arrow hits you but does no damage.
You regained 9 hp, and now have 18/108 hp.
Okay, then.
Okay, then.
You feel much better.
Nessos shoots an arrow.
The arrow hits you!
* * * LOW HITPOINT WARNING * * *
The arrow burns you.
You are poisoned.
* * * LOW HITPOINT WARNING * * *
Nessos shoots an arrow.
The arrow hits you.
* * * LOW HITPOINT WARNING * * *
You are more poisoned.
You regained 8 hp, and now have 26/108 hp.
You feel very sick.
Nessos shoots an arrow.
The arrow hits your soul eater. The arrow burns your soul eater.
Your soul eater hits Nessos!!
You take 4 damage, and have 22/108 hp.
You feel sick.
Nessos shoots an arrow.
The arrow hits you!
* * * LOW HITPOINT WARNING * * *
The arrow burns you.
You are lethally poisoned!
* * * LOW HITPOINT WARNING * * *
Nessos gestures wildly while chanting.
Nessos blinks!
Nessos shoots an arrow.
The arrow hits you!!
You die...

.................##
.....>...#........#
........###...#...#
...............####
..... .).).#..##.#
..... .._..##..#.##
.....
.).).#..ยง...#
..... .......3.[.#
..... ###..[..@.##
..... #...#....#
#.... ....#.)...#
#.#.. #.|#.c...##
... ...###...# ..
#.... #....# #...##
#..##


You could see Nessos (fast, ally target) and a friendly soul eater (summoned).

Vanquished Creatures
  A dire elephant (Lair:5)
  Snorg (D:12)
  Harold (Lair:2)
  A two-headed ogre (D:11)
  A deep troll shaman (Lair:5)
  6 death yaks
  4 skysharks
  A deep elf pyromancer (D:12)
  A manticore (Lair:2)
  12 elephants
  8 black mambas
  The ghost of Jaakounette the Slicer, a novice SpBr (D:6)
  2 torpor snails
  3 gargoyles
  14 cane toads
  2 unseen horrors (D:11)
  An efreet (D:11)
  2 kobold demonologists (D:11)
  A rime drake (Lair:4)
  12 komodo dragons
  2 polar bears
  A queen bee (Lair:1)
  3 trolls
  A wind drake (Lair:2)
  A hornet (D:9)
  12 blink frogs
  10 dream sheep
  Sigmund (D:3)
  A wyvern (Lair:3)
  45 yaks
  A wraith (D:11)
  2 steam dragons
  Eustachio (D:5)
  2 basilisks
  2 acid dragons
  20 water moccasins
  A sky beast (D:6)
  7 black bears
  4 orc warriors
  7 ice beasts
  An ogre (D:9)
  18 wolves
  5 centaurs
  16 bullfrogs
  3 kobold brigands
  4 necrophages
  A gnoll sergeant (D:6)
  2 scorpions
  16 wights
  29 killer bees
  4 howler monkeys
  A human zombie (Ossuary)
  2 quasits (D:5)
  3 gnoll boudas
  4 jellies
  10 orc priests
  7 hounds
  4 iguanas
  8 orc wizards
  5 mummies
  Robin (D:2)
  6 adders
  13 gnolls
  4 white imps
  3 ufetubi
  2 adder zombies (Ossuary)
  A worm (D:3)
  A dart slug (D:2)
  51 orcs
  5 ball pythons
  3 bats
  12 endoplasms
  6 giant cockroaches
  A gnoll zombie (Ossuary)
  11 goblins
  13 hobgoblins
  13 jackals
  4 quokkas
  4 frilled lizards
  A goblin zombie (Ossuary)
  A hobgoblin zombie (Ossuary)
  A jackal zombie (Ossuary)
  32 kobolds
  3 kobold zombies (Ossuary)
  3 rats
  2 rat zombies (Ossuary)
  A butterfly (Lair:2)
540 creatures vanquished.

Vanquished Creatures (collateral kills)
  3 hydras (Lair:4)
  A catoblepas (Lair:5)
  A death yak (Lair:5)
  3 elephants
  A black mamba (Lair:4)
  A rime drake (D:10)
  3 blink frogs
  A yak (Lair:3)
  2 orc warriors
  A black bear (Lair:5)
  An ogre (D:6)
  2 wights (D:7)
  5 orcs
  2 goblins (D:2)
  2 hobgoblins (D:2)
29 creatures vanquished.

Vanquished Creatures (others)
  A human (D:9)
  A demonic plant (D:5)
  12 fungi
  20 plants
34 creatures vanquished.

Grand Total: 603 creatures vanquished

Notes
Turn   | Place    | Note
-------+----------+-------------------------------------------
     0 | D:1      | Dirtsage the Demonspawn Fighter began the quest for the
                  | Orb.
     0 | D:1      | Reached XP level 1. HP: 18/18 MP: 1/1
    17 | D:1      | Reached skill level 2 in Axes
   125 | D:1      | Gained mutation: You regenerate a little health from kills.
                  | [demonic ancestry]
   125 | D:1      | Reached XP level 2. HP: 21/24 MP: 2/2
   151 | D:1      | Reached skill level 3 in Axes
   300 | D:1      | Gained mutation: Your touch may inflict minor irresistible
                  | damage on your foes. [demonic ancestry]
   300 | D:1      | Reached XP level 3. HP: 29/29 MP: 3/3
   366 | D:1      | Found a faded altar of an unknown god.
   420 | D:1      | Found Adghuun's Antique Armour Emporium.
  1171 | D:2      | Reached skill level 4 in Axes
  1171 | D:2      | Gained mutation: A weak demonic guardian rushes to your
                  | aid. [demonic ancestry]
  1171 | D:2      | Reached XP level 4. HP: 21/35 MP: 4/4
  1285 | D:2      | Noticed Robin
  1322 | D:2      | Killed Robin
  1850 | D:3      | Gained mutation: A demonic guardian rushes to your aid.
                  | [demonic ancestry]
  1850 | D:3      | Reached XP level 5. HP: 41/41 MP: 5/5
  2129 | D:3      | Noticed Sigmund
  2135 | D:3      | Killed Sigmund
  2136 | D:3      | Reached skill level 6 in Axes
  2136 | D:3      | Gained mutation: Your touch may inflict irresistible damage
                  | on your foes. [demonic ancestry]
  2136 | D:3      | Reached XP level 6. HP: 47/47 MP: 6/6
  2440 | D:4      | Found a shadowy altar of Dithmenos.
  2621 | D:4      | Reached skill level 7 in Axes
  2621 | D:4      | Gained mutation: You have a somewhat thin skeletal
                  | structure. (Dex +2, Stealth+) [demonic ancestry]
  2621 | D:4      | Reached XP level 7. HP: 22/52 MP: 7/7
  2986 | D:5      | Entered Level 5 of the Dungeon
  3072 | D:5      | Reached skill level 8 in Axes
  3152 | D:5      | Reached XP level 8. HP: 48/58 MP: 8/8
  3168 | D:5      | Found a sand-covered staircase.
  3176 | Ossuary  | Entered an ossuary
  3201 | Ossuary  | Reached skill level 9 in Axes
  3367 | D:5      | Noticed Eustachio
  3377 | D:5      | Killed Eustachio
  3499 | D:5      | Reached skill level 10 in Axes
  3931 | D:6      | Reached skill level 11 in Axes
  3931 | D:6      | Reached XP level 9. HP: 63/63 MP: 9/9
  3988 | D:6      | Found a large runed translucent door.
  3989 | D:6      | Found a large runed translucent door.
  3989 | D:6      | Noticed Jaakounette's ghost (novice SpBr)
  4058 | D:6      | Found a sparkling altar of Nemelex Xobeh.
  4231 | D:6      | Found a staircase to the Ecumenical Temple.
  4240 | Temple   | Entered the Ecumenical Temple
  4676 | D:6      | Reached skill level 12 in Axes
  4678 | D:6      | Found a bloodstained altar of Trog.
  4921 | D:6      | Killed Jaakounette's ghost
  5303 | D:7      | Reached skill level 13 in Axes
  5308 | D:7      | Gained mutation: Your touch may irresistibly damage your
                  | foes and sap their willpower. [demonic ancestry]
  5308 | D:7      | Reached XP level 10. HP: 69/70 MP: 10/10
  5355 | D:7      | Found a burning altar of Makhleb.
  5355 | D:7      | Found a blossoming altar of Fedhas.
  5360 | D:7      | Became a worshipper of Makhleb the Destroyer
  5615 | D:7      | Identified the +3 spear of Gehenna {heavy, Fragile Str+3
                  | Int+2}
  5655 | D:7      | Found a shimmering altar of Xom.
  6317 | D:8      | Found an opulent altar of Gozag.
  6570 | D:9      | Reached * piety under Makhleb
  6708 | D:9      | Reached skill level 14 in Axes
  6880 | D:9      | Reached ** piety under Makhleb
  6930 | D:9      | Found an ancient bone altar of Kikubaaqudgha.
  7248 | D:9      | Reached skill level 1 in Dodging
  7423 | D:10     | Entered Level 10 of the Dungeon
  7428 | D:10     | Reached skill level 1 in Invocations
  7455 | D:10     | Reached *** piety under Makhleb
  7456 | D:10     | Gained mutation: You regenerate health from kills. [demonic
                  | ancestry]
  7456 | D:10     | Reached XP level 11. HP: 67/76 MP: 12/12
  7466 | D:10     | Reached skill level 15 in Axes
  7494 | D:10     | Found a staircase to the Lair.
  7570 | D:10     | Identified the +0 plate armour of Filuuff {rF+ rC+ Int+3}
  8353 | Lair:1   | Entered Level 1 of the Lair of Beasts
  8418 | Lair:1   | Reached skill level 5 in Invocations
  8508 | Lair:1   | Reached **** piety under Makhleb
  8768 | Lair:1   | Noticed an oklob plant
  9009 | Lair:1   | Reached skill level 5 in Fighting
  9247 | Lair:1   | Reached skill level 5 in Armour
  9247 | Lair:1   | Gained mutation: You have a moderately thin skeletal
                  | structure. (Dex +4, Stealth++) [demonic ancestry]
  9247 | Lair:1   | Reached XP level 12. HP: 71/86 MP: 17/17
  9826 | Lair:2   | Noticed Harold
  9832 | Lair:2   | Killed Harold
 10030 | Lair:2   | Found a staircase to the Shoals.
 10321 | Lair:2   | Reached skill level 5 in Dodging
 10321 | Lair:2   | Reached skill level 10 in Invocations
 10857 | Lair:3   | Found a staircase to the Snake Pit.
 10862 | Lair:3   | Reached ***** piety under Makhleb
 11697 | Lair:4   | Noticed a six-headed hydra
 11699 | Lair:4   | Reached XP level 13. HP: 78/96 MP: 21/21
 12023 | Lair:4   | Reached skill level 16 in Axes
 12078 | Lair:4   | You fall into a shaft and drop 1 floor!
 12078 | Lair:5   | Entered Level 5 of the Lair of Beasts
 12294 | Lair:5   | Found a runed translucent door.
 12295 | Lair:5   | Found a viscous altar of Jiyva.
 12295 | Lair:5   | Noticed an azure jelly
 12296 | Lair:5   | Noticed an azure jelly
 12296 | Lair:5   | Noticed an azure jelly
 12297 | Lair:5   | Found a staircase to the Slime Pits.
 13573 | Lair:4   | Reached XP level 14. HP: 106/106 MP: 24/24
 14347 | Lair:5   | Got Aprunaz's Treatise on Vapourous Immolation
 15944 | D:12     | Found Syugor's Book Boutique.
 15998 | D:12     | Bought a book of Sloth for 468 gold pieces
 16024 | D:12     | Noticed Snorg
 16041 | D:12     | Killed Snorg
 16266 | D:12     | Found an iron altar of Okawaru.
 16283 | D:12     | Noticed Nessos
 16293 | D:12     | Shot with an arrow by Nessos

Illustrated notes

Levels and vault maps discovered:
D:1:      sevenhm_arrival_forest_fort_large_4, layout_basic, serial_shops,
          nicolae_shop_waterfront, hellmonk_ecumenical_altar_zigzags
D:2:      layout_basic, uniq_robin
D:3:      layout_loops_corners, hex_large, guppyfry_early_orc_mine, uniq_sigmund
D:4:      layout_cave_pools, nicolae_dithmenos_shadow_blocks
D:5:      layout_rooms, gup_ossuary_entry_pyramid, serial_demonic,
          serial_demonic_g, serial_demonic_a, serial_demonic_g,
          serial_demonic_e, lemuel_flamethrower_1, uniq_eustachio
D:6:      layout_loops_ring, nemelex_diamond_rough_becter,
          minmay_temple_entry_gardened_gates, serial_rivers,
          chequers_serial_rivers_marsh, chequers_serial_rivers_room_b,
          chequers_serial_rivers_room_a, chequers_serial_rivers_micro_b,
          chequers_serial_rivers_micro_c, chequers_serial_rivers_marsh,
          ebering_ghost_disaster_area, minmay_ruined_shrine
D:7:      layout_basic, mainiacjoe_overflow_alcove_2,
          gammafunk_temple_overflow_statue
D:8:      layout_rooms, mainiacjoe_overflow_small_starburst,
          serial_co_window_serial, co_window_paths_a, co_window_paths_a,
          co_window_paths_b, co_window_of_opportunity_a, co_window_cross_1,
          co_window_broadway_c, co_window_broadway_b, co_window_unsneaky_path_a,
          co_window_2corner, co_window_cross_3, co_window_unsneaky_path_d,
          co_window_unsneaky_path_b, co_window_paths_e, glass_columns_b,
          glass_columns_c, glass_columns_b
D:9:      layout_roguey [special_room_orc], tgw_kikubaaqudgha
D:10:     minmay_skewed_foursquare, layout_long_grid, hellmonk_lair_entry_icy
D:11:     layout_layer_cave
D:12:     layout_cave_pools, erik_orc_3, serial_shops, shop_fountains,
          nicolae_water_bricks, okawaru_ov_weapons_minmay, uniq_nessos,
          uniq_snorg
Temple:   regret_index_temple_generic_petals
Lair:1:   layout_hall_layers, special_room [special_room_bee]
Lair:2:   layout_misc_corridors, minmay_shoals_entry_beasts, patterned_corridor,
          lemuel_fruit_fields, uniq_harold
Lair:3:   layout_cave_pods, minmay_snake_entry_six_corridors, grunt_megastairs_2
Lair:4:   layout_big_grid, chequers_serial_rivers_micro_a, grunt_megastairs_4
Lair:5:   grunt_lair_end_beastmaster, layout_hall_layers, slime_entry_2

Skill      XL: |  1  2  3  4  5  6  7  8  9 10 11 12 13 14 |
---------------+-------------------------------------------+-----
Axes           | 2 3 4 6 7 8 11 13 14 15 16 | 16.5
Armour         | 3 5 6 7 8 |  8.2
Dodging        | 1 4 5 7 |  7.7
Invocations    | 1 7 11 13 14 | 14.5
Fighting       | 5 7 8 9 |  9.1
Shields        | |  2.6

Action                     |  1- 3 |  4- 6 |  7- 9 | 10-12 | 13-15 || total
---------------------------+-------+-------+-------+-------+-------++-------
  Melee: War axe           |   107 |   128 |   189 |       |       ||   424
         Touch             |     9 |    21 |    40 |       |     1 ||    71
         Punch             |     1 |       |     1 |       |       ||     2
         Battleaxe         |       |       |    63 |   604 |   420 ||  1087
         Flail             |       |       |       |       |     4 ||     4
  Throw: Dart              |       |       |       |     2 |       ||     2
 Invoke: Lesser Servant of |       |       |       |     1 |     2 ||     3
         Greater Servant o |       |       |       |       |     1 ||     1
  Evoke: Wand              |       |     1 |       |       |     1 ||     2
    Use: Scroll            |     1 |       |     7 |    13 |     4 ||    25
         Potion            |       |       |       |     3 |     2 ||     5
   Stab: Distracted        |       |       |     1 |     1 |     4 ||     6
         Petrified         |       |       |       |       |     3 ||     3
         Petrifying        |       |       |       |       |     1 ||     1
 Armour: Scale mail        |    57 |    68 |   141 |    81 |       ||   347
         Plate armour      |       |       |       |   179 |   264 ||   443
  Dodge: Dodged            |    57 |    68 |   204 |   439 |   286 ||  1054
  Block: Buckler           |    21 |       |       |       |       ||    21

Table legend: (Time is in decaauts)
 A = Elapsed time spent in this place.
 B = Non-inter-level travel time spent in this place.
 C = Inter-level travel time spent in this place.
 D = Time resting spent in this place.
 E = Time spent auto-exploring this place.
 F = Levels seen in this place.
 G = Mean time per level.
                   A        B        C        D        E       F      G
               +--------+--------+--------+--------+--------+-----+--------+
         Total |  16304 |  15693 |    611 |   1037 |  11405 |  19 |  858.1 |
       Dungeon |   9772 |   9432 |    340 |     87 |   7470 |  12 |  814.3 |
        Temple |    272 |    245 |     27 |      0 |    236 |   1 |  272.0 |
          Lair |   6082 |   5839 |    243 |    950 |   3586 |   5 | 1216.4 |
       Ossuary |    177 |    177 |      0 |      0 |    113 |   1 |  177.0 |
               +--------+--------+--------+--------+--------+-----+--------+

Top non-repeatable levels by time:
  Lair:5: 1532 daAuts
    D:11: 1447 daAuts
  Lair:1: 1374 daAuts
  Lair:4: 1197 daAuts
     D:1: 1109 daAuts
     D:6: 1002 daAuts
  Lair:3: 994 daAuts
  Lair:2: 983 daAuts
     D:9: 942 daAuts
    D:10: 897 daAuts
     D:8: 846 daAuts
     D:3: 825 daAuts
     D:7: 665 daAuts
     D:4: 644 daAuts
     D:5: 595 daAuts
